 Dungeon Crawl Stone Soup version 0.13.0-5-g7e31f0a (webtiles) character file.

111 Deemzul the Poker (level 3, -7/27 HPs)
             Began as an Octopode Berserker on Oct 14, 2013.
             Was a Follower of Trog.
             Killed from afar by Grinder (12 damage)
             ... with a wand of frost
             ... on Level 3 of the Dungeon.
             The game lasted 00:03:41 (1752 turns).

Deemzul the Poker (Octopode Berserker)              Turns: 1752, Time: 00:03:42

HP  -7/27        AC  1     Str 16      XL: 3   Next: 50%
MP   2/2         EV 13     Int  9      God: Trog [*.....]
Gold 71          SH  0     Dex 12      Spells:  0 memorised,  2 levels left

Res.Fire  : . . .   See Invis. : .   a - +0 spear {=f}
Res.Cold  : . . .   Warding    : .   (no shield)
Life Prot.: . . .   Conserve   : .   (helmet restricted)
Res.Poison: +       Res.Corr.  : .   (no amulet)
Res.Elec. : .       Clarity    : .   b - ring of poison resistance {unknown}
Sust.Abil.: . .     Spirit.Shd : .   g - ring of wizardry
Res.Mut.  : .       Stasis     : .   (no ring)
Res.Rott. : .       Flight     : .   (no ring)
Saprovore : . . .                    (no ring)
                                     (no ring)
                                     (no ring)
                                     (no ring)

@: not resistant to hostile enchantments, fairly stealthy
A: almost no armour, amphibious, 8 rings, constrict 8, camouflage 1, AC +1
a: Burn Spellbooks, Berserk, Renounce Religion


You were on level 3 of the Dungeon.
You worshipped Trog.
Trog was aware of your devotion.
You were hungry.

You visited 1 branch of the dungeon, and saw 3 of its levels.

You collected 51 gold pieces.

Inventory:

Hand weapons
 a - a +0,+0 spear (weapon) {=f}
Comestibles
 c - a bread ration
 i - a meat ration
Scrolls
 d - a scroll of enchant weapon II {unknown}
 e - a scroll of enchant armour {unknown}
 f - 2 scrolls of noise {unknown}
 h - 2 scrolls of curse armour {unknown}
 j - a scroll of blinking {unknown}
 k - a scroll of random uselessness {unknown}
 m - a scroll of remove curse {unknown}
 o - a scroll of recharging {unknown}
Jewellery
 b - a ring of poison resistance (left tentacle) {unknown}
 g - a ring of wizardry (right tentacle)
Potions
 l - a potion of cure mutation {unknown}
 n - a potion of restore abilities {unknown}


   Skills:
 - Level 3.0 Fighting
 * Level 4.4 Polearms
 - Level 3.0 Dodging


You had 2 spell levels left.
You didn't know any spells.

Dungeon Overview and Level Annotations

Branches:
Dungeon (3/27)

Altars:

Annotations:
D:2 Terence
D:3 Grinder


Innate Abilities, Weirdness & Mutations

You cannot wear most types of armour.
You are amphibious.
You can wear up to eight rings at the same time.
You can use your tentacles to constrict many enemies at once.
Your skin changes colour to match your surroundings (Stlth).
Your rubbery body absorbs attacks (AC +1).


Message History

You hit the hobgoblin but do no damage. You grab the hobgoblin.
You squeeze the hobgoblin.
You kill the hobgoblin!
Trog accepts your kill.
No target in view!
A bat and Grinder come into view.
Grinder shouts!
There are monsters nearby!
There are monsters nearby!
A worm comes into view.
Grinder gestures at you. Pain shoots through your body!
The bat barely misses you.
You hit the bat but do no damage. You grab the bat. You constrict the bat.
The bat hits you.
The bat struggles to escape constriction.
Grinder zaps a wand.
The puff of frost hits you!
* * * LOW HITPOINT WARNING * * *
You release your grip on the bat.
The bat hits you but does no damage.
Grinder zaps a wand.
The puff of frost hits you!
You die...

#.....# #.# #.#
##.....######'####.#
##......#.........#.#
#.##.......#.........#.#
#..........#.........#.#
#..........#...........#
.........b..#.........#%#
...........)..........#.#
.........@............#.#
......#..............#.#
..5...#..............#.#
..... #...##.........#.#
.... #...##.........#.#
w. #...######...###.## .
#...# #......... #####
#...###.#.
##########...#...#.


You could see Grinder and a bat.

Vanquished Creatures
  A worm (D:2)
  2 giant geckos (D:1)
  3 giant cockroaches
  2 hobgoblins
  6 jackals
  5 kobolds (D:1)
  2 bats
  2 giant newts (D:1)
  3 goblins
  3 rats (D:1)
29 creatures vanquished.

Notes
Turn   | Place    | Note
--------------------------------------------------------------
     0 | D:1      | Deemzul, the Octopode Berserker, began the quest for the Orb.
     0 | D:1      | Reached XP level 1. HP: 16/16 MP: 0/0
    97 | D:1      | Reached XP level 2. HP: 14/21 MP: 1/1
   364 | D:1      | Reached skill level 4 in Polearms
   586 | D:2      | Noticed Terence
   596 | D:2      | Reached XP level 3. HP: 27/27 MP: 2/2
   615 | D:2      | HP: 1/27 [jackal (1)]
  1749 | D:3      | Noticed Grinder
  1752 | D:3      | Killed from afar by Grinder

Action                   || total
-------------------------++-------
Melee: Spear             ||    95
  Use: Potion            ||     1
 Stab: Sleeping          ||     3
